 Dungeon Crawl Stone Soup version 0.19.0-2-gae57169 (webtiles) character file.

53 dvd the Stinger (level 3, -1/21 HPs)
             Began as an Octopode Venom Mage on Nov 5, 2016.
             Killed by divine providence
             ... invoked by an orc priest
              (15 damage)
             ... on level 3 of the Dungeon.
             The game lasted 00:03:53 (1897 turns).

dvd the Stinger (Octopode Venom Mage)               Turns: 1897, Time: 00:03:54

Health: -1/21      AC:  1    Str:  7    XL:     3   Next: 87%
Magic:  5/6        EV: 13    Int: 18    God:
Gold:   134        SH:  0    Dex: 12    Spells: 1 memorised, 5 levels left

rFire  . . .     SeeInvis .     a - +0 whip
rCold  . . .     Gourm    .     (no shield)
rNeg   . . .     Faith    .     (helmet restricted)
rPois  .         Spirit   .     (no amulet)
rElec  .         Reflect  .     (no ring)
rCorr  .         Harm     .     (no ring)
MR     .....                    (no ring)
Stlth  +++.......               (no ring)
                                (no ring)
                                (no ring)
                                (no ring)
                                (no ring)

@: no status effects
A: almost no armour, stealthy swim, amphibious, 8 rings, constrict 8, camouflage
1, gelatinous body 1
a: no special abilities


You were on level 3 of the Dungeon.
You were not hungry.

You visited 1 branch of the dungeon, and saw 3 of its levels.

You collected 134 gold pieces.

Inventory:

Hand Weapons
 a - a +0 whip (weapon)
 k - a +0 mace
Jewellery
 d - an uncursed amulet of faith
Scrolls
 e - 5 scrolls of identify {unknown}
 f - 2 scrolls of teleportation {unknown}
 l - a scroll of enchant armour {unknown}
Potions
 g - a potion of haste {unknown}
 i - a potion of cancellation {unknown}
 j - a potion of heal wounds {unknown}
Books
 h - a Young Poisoner's Handbook

   Spells                             Type                      Level
   a - Sting                          Conjuration/Poison           1
   b - Mephitic Cloud                 Conjuration/Poison/Air       3
   c - Olgreb's Toxic Radiance        Poison                       4
   d - Alistair's Intoxication        Transmutation/Poison         5
   e - Venom Bolt                     Conjuration/Poison           5
Comestibles
 b - 3 bread rations
 c - 2 meat rations
 n - 4 fruits


   Skills:
 + Level 2.0 Dodging
 + Level 3.5 Stealth
 + Level 2.1 Spellcasting
 + Level 0.2 Conjurations
 + Level 6.0 Poison Magic


You had 5 spell levels left.
You knew the following spells:

 Your Spells              Type           Power        Failure   Level  Hunger
a - Sting                 Conj/Pois      ##..         6%          1    #......


Dungeon Overview and Level Annotations

Branches:
Dungeon (3/15)

Altars:
Kikubaaqudgha


Innate Abilities, Weirdness & Mutations

You cannot wear most types of armour.
You are very stealthy in the water. (Stealth+)
You are amphibious.
You can wear up to eight rings at the same time.
You can use your tentacles to constrict eight enemies at once.
Your skin changes colour to match your surroundings (Stealth+).
Your rubbery body absorbs attacks. (AC +1, EV +1)


Message History

Aim: an orc, wielding a mace and wearing a ring mail (resting)
The sting hits the orc.
The orc appears unharmed.
The orc shouts! x2; You hear a shout!
The leopard gecko hisses angrily.
An orc priest comes into view. It is wielding a dagger.
You closely miss the orc. You grab the orc. You squeeze the orc.
The orc is severely wounded.
You constrict the orc.
The orc priest moves out of view.
The orc hits you with a mace.
A worm comes into view.
Unknown command.
You hit the orc but do no damage.
The orc is severely wounded.
You constrict the orc, but do no damage.
Unknown command.
You release your grip on the orc.
The giant cockroach misses you. The orc hits you with a mace.
The orc priest invokes the aid of Beogh against you.
Beogh smites you!
Ouch! That really hurt!
You die...

# .. ...
#####..
..#####....
#........#
#.s@o#
.w....##ol.....
....# .##....
... o# ##. . ##


You could see a worm, an orc priest, 2 orcs, a leopard gecko and a giant
cockroach.

Vanquished Creatures
  An ooze (D:1)
  3 worms (D:2)
  2 dart slugs (D:1)
  3 leopard geckos
  4 bats
  4 goblins
  7 hobgoblins
  4 kobolds
  2 ball pythons
  4 rats
34 creatures vanquished.

Notes
Turn   | Place    | Note
-------+----------+-------------------------------------------
     0 | D:1      | dvd the Octopode Venom Mage began the quest for the Orb.
     0 | D:1      | Reached XP level 1. HP: 11/11 MP: 3/3
    76 | D:1      | Reached skill level 5 in Poison Magic
   401 | D:1      | Reached XP level 2. HP: 17/17 MP: 1/5
   838 | D:1      | Reached XP level 3. HP: 21/21 MP: 4/6
  1472 | D:2      | Found an ancient bone altar of Kikubaaqudgha.
  1597 | D:2      | Reached skill level 6 in Poison Magic
  1897 | D:3      | Killed from afar by an orc priest

Skill      XL: |  1  2  3 |
---------------+----------+-----
Poison Magic   | 5 6 |  6.0
Stealth        | 3 |  3.5
Dodging        | |  2.0
Spellcasting   | |  2.1
Conjurations   | |  0.2

Action                   || total
-------------------------++-------
Melee: Tentacles         ||     6
       Unarmed           ||     3
       Constrict         ||    11
       Whip              ||    30
 Cast: Sting             ||    61
 Stab: Sleeping          ||     2
  Eat: Chunk             ||     4
Armor: Skin              ||     3
Dodge: Dodged            ||    14
